Map: Disco Bloodbath LE

Players

Djorn

  • Race: Protoss Protoss
  • League: Bronze
  • Spawn Location: 9:00

lookadan - Winner!

  • Race: Protoss Protoss
  • Spawn Location: 3:00

VOD

Have the link to the VOD?

Description

Time

  • Played on: Aug. 25, 2019, 5:03 p.m.
  • Length: 6:40
Show
View Real Time Build Order
Export as new Build Order

Djorn Protoss 

Build Orders:  

Get SALT Encoding   

  12  0:05  Probe  
  13  0:17  Probe  
  14  0:27  Pylon  
  14  0:30  Probe  
  15  0:46  Gateway  
  15  0:53  Gateway  
  15  0:56  Probe  
  16  1:04  Probe  
  16  1:06  Assimilator  
  17  1:13  Probe  
  18  1:25  Probe  
  19  1:37  Probe  
  20  1:42  Cybernetics Core  
  20  1:45  Pylon  
  20  1:51  Probe  
  21  1:57  Assimilator  
  21  2:03  Probe  
  22  2:15  Probe  
  23  2:27  Probe, Stalker  
  26  2:39  Probe  
  26  2:43  Stalker  
  27  2:50  Warp Gate  
  27  2:51  Probe  
  30  3:00  Pylon  
  30  3:20  Stalker  
  30  3:22  Stalker  
  33  3:44  Pylon  
  33  3:47  Pylon  
  33  3:49  Probe  
  34  3:56  Zealot  
  34  3:57  Zealot  
  34  4:01  Probe  
  39  4:13  Gateway, Probe  
  39  4:15  Gateway  
  40  4:22  Pylon  
  40  4:24  Zealot  
  42  4:25  Probe  
  42  4:26  Pylon  
  43  4:43  Pylon  
  43  4:46  Pylon  
  43  4:51  Twilight Council  
  43  4:55  Forge  
  43  5:09  Robotics Facility  
  43  5:22  Adept x2  
  43  5:24  Adept  
  43  5:25  Adept  
  51  5:43  Stalker  
  51  5:44  Stalker x2  
  35  6:09  Zealot x4  
  29  6:31  Zealot x2  
  29  6:32  Zealot  
Show
View Real Time Build Order
Export as new Build Order

lookadan Protoss - Winner!

Build Orders: Blink Stalkers 

Get SALT Encoding   

  12  0:05  Probe  
  13  0:17  Probe  
  13  0:20  Pylon  
  14  0:29  Probe  
  15  0:42  Probe  
  16  0:46  Gateway  
  16  0:54  Probe  
  17  1:06  Probe  
  18  1:14  Pylon  
  18  1:18  Probe  
  19  1:22  Assimilator  
  19  1:43  Zealot  
  21  1:49  Probe  
  22  1:54  Cybernetics Core  
  22  2:09  Gateway  
  22  2:10  Zealot  
  22  2:12  Gateway  
  24  2:16  Pylon  
  24  2:23  Assimilator  
  24  2:25  Probe  
  25  2:31  Warp Gate  
  25  2:37  Probe  
  26  2:49  Probe  
  27  2:54  Twilight Council  
  27  2:59  Gateway  
  27  3:01  Gateway  
  27  3:09  Blink  
  27  3:21  Stalker  
  27  3:22  Zealot, Stalker  
  33  3:49  Zealot  
  35  4:02  Zealot  
  37  4:30  Zealot  
  39  4:37  Pylon  
  39  4:39  Pylon  
  39  5:02  Zealot x4  
  39  5:03  Zealot  
  49  5:25  Stalker  
  49  5:26  Stalker x2  
  55  5:35  Pylon  
  53  5:50  Zealot  
  43  6:12  Stalker x3  
Tags
 
Composition
Blink Stalkers
League
Bronze
Matchup
PvP
Replay Pack
sc2replays
Spawn Locations
Cross Positions
Add a new tag
Caveats
  • Supply blocks, unpowered buildings, or Contaminate may cause inaccurate times.
  • Supply counts are checked every 10 seconds.